 Dungeon Crawl Stone Soup version 0.19-a0-994-g3c636f0 (webtiles) character file.

32 rageheart7 the Insei (level 3, -1/23 HPs)
             Began as an Octopode Transmuter on July 15, 2016.
             Slain by an adder (4 damage)
             ... on level 1 of the Dungeon.
             The game lasted 00:02:48 (809 turns).

rageheart7 the Insei (Octopode Transmuter)           Turns: 809, Time: 00:02:48

Health: -1/23      AC:  1    Str:  8 (9)  XL:     3   Next: 25%
Magic:  0/6        EV: 12    Int: 14 (15) God:
Gold:   31         SH:  0    Dex: 11 (13) Spells: 3 memorised, 0 levels left

rFire  + . .     SeeInvis .       - Unarmed
rCold  x . .     Gourm    .     (no shield)
rNeg   . . .     Faith    .     (helmet restricted)
rPois  +         Spirit   .     (no amulet)
rElec  .         Dismiss  .     h - ring of fire
rCorr  .         Reflect  .     j - ring of poison resistance
SustAt .         Harm     .     (no ring)
MR     .....                    (no ring)
Stlth  ++........               (no ring)
                                (no ring)
                                (no ring)
                                (no ring)

@: appendage, not resistant to hostile enchantments, unstealthy
A: almost no armour, amphibious, 8 rings, constrict 8, tentacle spike 3,
camouflage 1, gelatinous body 1
a: End Transformation


You were on level 1 of the Dungeon.
You were not hungry.
One of your tentacles had a temporary spike.
You visited 1 branch of the dungeon, and saw 2 of its levels.

You collected 31 gold pieces.

Inventory:

Missiles
 a - 9 arrows
Jewellery
 h - a ring of fire (left tentacle)
 j - a ring of poison resistance (right tentacle)
Scrolls
 f - 2 scrolls of recharging
Books
 b - a book of Changes

   Spells                             Type                      Level
   a - Beastly Appendage              Transmutation                1
   b - Sticks to Snakes               Transmutation                2
   c - Spider Form                    Transmutation/Poison         3
   d - Ice Form                       Ice/Transmutation            4
   e - Blade Hands                    Transmutation                5
Comestibles
 c - 3 bread rations
 d - 6 chunks of flesh
 i - a meat ration


   Skills:
 - Level 1.0 Fighting
 - Level 2.0 Dodging
 * Level 3.8 Unarmed Combat
 + Level 2.0 Spellcasting
 * Level 2.6 Transmutations


You couldn't memorise any spells.
You knew the following spells:

 Your Spells              Type           Power        Failure   Level  Hunger
a - Beastly Appendage     Tmut           #.....       10%         1    ##.....
b - Sticks to Snakes      Tmut           #.......     14%         2    ###....
c - Spider Form           Tmut/Pois      #.........   47%         3    ####...


Dungeon Overview and Level Annotations

Branches:
Dungeon (2/15)

Altars:


Innate Abilities, Weirdness & Mutations

You cannot wear most types of armour.
You are amphibious.
You can wear up to eight rings at the same time.
You can use your tentacles to constrict eight enemies at once.
Your skin changes colour to match your surroundings (Stealth+).
Your rubbery body absorbs attacks. (AC +1)
One of your tentacles bears a large vicious spike.


Message History

You aren't carrying any potions.
Okay, then.
The adder bites you but does no damage.
You see here a goblin skeleton.
The adder barely misses you. The adder barely misses you.
Casting: Spider Form
Confirm with . or Enter, or press ? or * to list all spells.
You create a snake!
You now have 9 arrows.
The adder misses you. The adder barely misses you.
Your magical contamination has completely faded away.
You swap places.
The adder bites your ball python.
Your ball python dies!
The adder bites you.
* * * LOW HITPOINT WARNING * * *
Casting: Sticks to Snakes
Confirm with . or Enter, or press ? or * to list all spells.
One of your tentacles grows a vicious spike.
The adder bites you.
You die...

####################
...............S@..#
.#################># ..# #.# ..#
###########.############# ..##
#.......................#
...#####.################.####.#
.........# ######### ##...##.#
...####### #.......# ##.....#.#
..## #.#####.# #........##


You could see an adder.

Vanquished Creatures
  An ooze (D:1)
  A dart slug (D:1)
  A ball python (D:2)
  4 bats (D:1)
  A giant cockroach (D:1)
  3 goblins
  5 hobgoblins
  3 kobolds (D:1)
  2 giant newts (D:1)
  2 rats (D:1)
23 creatures vanquished.

Notes
Turn   | Place    | Note
-------+----------+-------------------------------------------
     0 | D:1      | rageheart7 the Octopode Transmuter began the quest for the Orb.
     0 | D:1      | Reached XP level 1. HP: 13/13 MP: 3/3
   288 | D:1      | Reached XP level 2. HP: 18/18 MP: 3/5
   328 | D:1      | Learned a level 2 spell: Sticks to Snakes
   503 | D:1      | Reached XP level 3. HP: 23/23 MP: 4/6
   514 | D:1      | Learned a level 3 spell: Spider Form
   809 | D:1      | Slain by an adder

Vault maps used:
D:1:      zelgadis_glass_arrival_small
D:2:      makhleb_grotto_becter, gammafunk_temple_overflow_statue, serial_glass,
          glass_columns_b, glass_columns_a, trog_three_pillars_becter

Action                   || total
-------------------------++-------
Melee: Unarmed           ||    39
       Tentacles         ||    10
       Constrict         ||    10
       Kick              ||     8
 Cast: Beastly Appendage ||    18
       Sticks to Snakes  ||     3
  Use: Scroll            ||     2
       Potion            ||     2
 Stab: Sleeping          ||     1
Armor: Skin              ||     6
Dodge: Dodged            ||    36
